 Dungeon Crawl Stone Soup version 0.27-a0-291-gd9602db6ee (webtiles) character file.

Game seed: 4159623869717640775

57 kongstrongsgirl the Slasher (level 3, -1/49 HPs)
             Began as a Draconian Berserker on Feb 9, 2021.
             Was a Believer of Trog.
             Slain by an ogre
             ... wielding a +0 giant spiked club
              (15 damage)
             ... on level 4 of the Dungeon.
             The game lasted 00:04:24 (2734 turns).

kongstrongsgirl the Slasher (Draconian Berserker)   Turns: 2734, Time: 00:04:24

Health: -1/49      AC:  6    Str: 20    XL:     3   Next: 73%
Magic:  3/3        EV: 13    Int:  7    God:    Trog [**....]
Gold:   127        SH:  0    Dex: 16    Spells: 2/2 levels left

rFire    . . .     SeeInvis .   k - +0 hand axe
rCold    . . .     Faith    .   (no shield)
rNeg     . . .     Spirit   .   (armour unavailable)
rPois    .         Reflect  .   (helmet restricted)
rElec    .         Harm     .   (no cloak)
rCorr    .         Rampage  .   i - +0 pair of gloves
Will     .....                  (no boots)
Stlth    ..........             (no amulet)
HPRegen  0.16/turn              b - +6 ring of dexterity
MPRegen  0.08/turn              (no ring)

@: berserking, very quick
A: unfitting armour, cold-blooded, AC +5
a: Renounce Religion, Berserk, Trog's Hand


You were on level 4 of the Dungeon.
You worshipped Trog.
Trog was pleased with you.
You visited 1 branch of the dungeon, and saw 4 of its levels.

You collected 127 gold pieces.

Inventory:

Hand Weapons
 a - a +0 falchion
 k - a +0 hand axe (weapon)
Armour
 i - a +0 pair of gloves (worn)
Jewellery
 b - a +6 ring of dexterity (left hand)
Scrolls
 e - a scroll of remove curse {unknown}
 h - a scroll of teleportation {unknown}
 j - 6 scrolls of identify {unknown}
 o - a scroll of fear {unknown}
Potions
 c - a potion of flight {unknown}
 d - 4 potions of lignification {unknown}
 f - a potion of heal wounds {unknown}
 g - 3 potions of might {unknown}
 l - a potion of attraction {unknown}
 m - a potion of brilliance {unknown}
 n - a potion of mutation {unknown}
 p - a potion of curing {unknown}


   Skills:
 + Level 3.8 Fighting
 + Level 3.8 Long Blades
 + Level 3.2 Dodging
 + Level 0.2 Stealth


You had 2 spell levels left.
You didn't know any spells.
Your spell library was empty.

Dungeon Overview and Level Annotations

Branches:
Dungeon (4/15)
 Temple: D:4-7

Altars:
Makhleb

Annotations:
D:4 Grinder


Innate Abilities, Weirdness & Mutations

Your plain brown scales are hard. (AC +5)
You cannot fit into any form of body armour.
You are cold-blooded and may be slowed by cold attacks.


Message History

d - 4 lumpy cyan potions (gained 1)
Found a stone staircase leading up.
Grinder comes into view.
Grinder shouts!
You hear a shout!
Grinder gestures at you.
You suddenly lose the ability to move!
You can move again.
An ogre comes into view. It is wielding a +0 giant spiked club.
Grinder hits you.
You writhe in agony.
A red film seems to cover your vision as you go berserk!
You feel yourself moving faster!
You feel mighty! Grinder hits you.
You writhe in agony.
You closely miss Grinder. Grinder hits you!
You writhe in agony.
You hit Grinder but do no damage. Grinder hits you.
You writhe in agony.
* * * LOW HITPOINT WARNING * * *
You slash Grinder!
Your tail-slap misses Grinder.
Grinder is moderately wounded.
You slash the ogre!
The ogre hits you with a +0 giant spiked club!
You die...

#. #.#....# #.#
#.#.#.##
###.###.#.# #
#..<..#.#.#
###.....#.#.#
............#
#.........#
.#####O.......##.#
.....$5@.........#
...#########.#####
#.# ..# ###


You could see Grinder and an ogre.

Vanquished Creatures
  An adder (D:3)
  A worm (D:2)
  A dart slug (D:1)
  3 leopard geckos
  2 giant cockroaches
  5 goblins
  2 hobgoblins (D:2)
  8 jackals (D:1)
  A ball python (D:3)
  4 bats
  2 frilled lizards
  5 kobolds
  3 rats
38 creatures vanquished.

Notes
Turn   | Place    | Note
-------+----------+-------------------------------------------
     0 | D:1      | kongstrongsgirl the Draconian Berserker began the quest for
                  | the Orb.
     0 | D:1      | Reached XP level 1. HP: 19/19 MP: 1/1
   276 | D:1      | Reached XP level 2. HP: 26/26 MP: 2/2
  1082 | D:2      | Reached XP level 3. HP: 9/33 MP: 3/3
  1617 | D:2      | Reached ** piety under Trog
  1958 | D:3      | Found a burning altar of Makhleb.
  2725 | D:4      | Noticed Grinder
  2725 | D:4      | Paralysed by Grinder for 2 turns
  2729 | D:4      | Noticed an ogre
  2734 | D:4      | Slain by an ogre

Illustrated notes

Levels and vault maps discovered:
D:1:      evilmike_arrival_hilbert_curve, layout_loops_ring
D:2:      layout_basic
D:3:      layout_loops_ring, bloody_makhleb
D:4:      layout_loops_ring, uniq_menkaure, uniq_sigmund, uniq_grinder,
          uniq_pikel

Skill      XL: |  1  2 |
---------------+-------+-----
Dodging        | 3 |  3.2
Fighting       | |  3.8
Long Blades    | |  3.8
Stealth        | |  0.2

Action                   || total
-------------------------++-------
Melee: Falchion          ||    61
       Tailslap          ||    14
       Hand axe          ||    37
Invok: Berserk           ||     1
Armor: Skin              ||    39
Dodge: Dodged            ||    60
       Rpst.: Falchion   ||    11

Table legend: (Time is in decaauts)
 A = Elapsed time spent in this place.
 B = Non-inter-level travel time spent in this place.
 C = Inter-level travel time spent in this place.
 D = Time resting spent in this place.
 E = Time spent auto-exploring this place.
 F = Levels seen in this place.
 G = Mean time per level.
                   A        B        C        D        E       F      G
               +--------+--------+--------+--------+--------+-----+--------+
         Total |   2750 |   2750 |      0 |    432 |   1846 |   4 |  687.5 |
       Dungeon |   2750 |   2750 |      0 |    432 |   1846 |   4 |  687.5 |
               +--------+--------+--------+--------+--------+-----+--------+

Top non-repeatable levels by time:
     D:2: 952 daAuts
     D:1: 924 daAuts
     D:3: 855 daAuts
     D:4: 18 daAuts
